Map: New Repugnancy LE

Players

envious - Winner!

  • Race: Terran Terran
  • League: Master
  • Spawn Location: 1:00

A.I. 1 (Elite)

  • Race: Protoss Protoss
  • Spawn Location: 7:00

VOD

Have the link to the VOD?

Description

Time

  • Played on: April 14, 2019, 3:13 p.m.
  • Length: 15:18
Show
View Real Time Build Order
Export as new Build Order

envious Terran - Winner!

Build Orders: Gas First Reaper Expand 

Get SALT Encoding   

  12  0:00  SCV  
  13  0:12  SCV  
  14  0:17  Supply Depot  
  14  0:24  SCV  
  15  0:30  Refinery  
  15  0:38  SCV  
  16  0:44  Barracks  
  16  0:50  SCV  
  17  1:02  SCV  
  18  1:14  SCV  
  19  1:31  Orbital Command, Reaper  
  20  1:42  Command Center  
  20  1:52  Supply Depot  
  20  1:56  SCV  
  21  2:03  Marine  
  21  2:05  Bunker  
  22  2:08  SCV  
  23  2:17  Factory  
  23  2:21  Marine  
  24  2:23  SCV  
  25  2:35  SCV  
  26  2:39  Barracks Reactor  
  26  2:47  SCV  
  27  2:54  Orbital Command  
  27  2:59  SCV  
  27  3:01  Widow Mine, Starport  
  30  3:11  SCV  
  31  3:16  Command Center  
  31  3:19  SCV  
  32  3:20  Marine x2  
  32  3:23  SCV  
  37  3:27  Widow Mine  
  37  3:31  SCV  
  37  3:32  Supply Depot  
  38  3:35  SCV  
  38  3:40  Medivac  
  41  3:42  Marine  
  41  3:43  Marine, Refinery  
  41  3:45  SCV  
  41  3:48  SCV  
  45  3:54  Widow Mine  
  47  3:57  SCV  
  47  4:00  SCV  
  47  4:02  Refinery  
  51  4:09  SCV  
  50  4:12  SCV, Barracks Tech Lab  
  51  4:21  SCV  
  51  4:24  Factory Tech Lab, Starport Reactor  
  52  4:25  SCV  
  52  4:27  Barracks x2  
  52  4:28  Orbital Command  
  53  4:33  SCV  
  53  4:35  Refinery  
  53  4:36  Stimpack  
  53  4:37  SCV  
  55  4:41  Engineering Bay  
  55  4:45  SCV  
  55  4:49  SCV  
  57  4:55  Marine  
  57  4:58  SCV  
  55  5:01  SCV x2  
  55  5:02  Supply Depot  
  57  5:08  Terran Infantry Weapons Level 1  
  57  5:10  SCV  
  57  5:12  Factory Reactor  
  57  5:13  SCV  
  59  5:16  SCV  
  59  5:19  Barracks  
  59  5:20  Combat Shield  
  60  5:22  SCV, Marine x2, Barracks, Medivac x2  
  60  5:23  Marine  
  60  5:24  Marine  
  60  5:28  SCV  
  71  5:30  Supply Depot  
  71  5:34  Supply Depot  
  71  5:35  SCV  
  71  5:39  Orbital Command  
  71  5:41  SCV  
  72  5:43  Marine x2  
  72  5:45  Marauder  
  76  5:52  Marauder  
  76  5:53  Supply Depot, Medivac x2  
  82  5:58  Supply Depot  
  82  6:04  Marine x2  
  82  6:06  Marauder  
  82  6:07  Barracks Tech Lab  
  82  6:09  SCV x3  
  82  6:10  Barracks Reactor  
  89  6:13  Marauder  
  89  6:14  Refinery  
  89  6:16  Supply Depot  
  89  6:17  Refinery  
  91  6:21  SCV x2, Supply Depot  
  91  6:22  Marine x2  
  91  6:23  Medivac x2  
  99  6:26  SCV  
  100  6:33  SCV  
  100  6:34  SCV  
  100  6:38  SCV  
  103  6:40  Marauder x3  
  103  6:43  Marine x2  
  109  6:47  SCV x2  
  109  6:53  Concussive Shells  
  110  6:58  Supply Depot  
  110  7:01  Supply Depot  
  107  7:02  Marine x4, Terran Infantry Armor Level 1, Marauder x2  
  107  7:03  Barracks  
  107  7:04  Barracks  
  107  7:06  Medivac x2  
  118  7:14  Marauder  
  120  7:19  Engineering Bay, Armory  
  120  7:20  SCV x2  
  120  7:21  Command Center  
  122  7:27  SCV, Supply Depot x2  
  123  7:32  SCV  
  123  7:34  SCV  
  129  7:37  Marauder x2  
  129  7:38  Marauder  
  129  7:39  SCV  
  129  7:41  Marine x3  
  129  7:42  Marine  
  136  7:48  SCV x2  
  133  7:51  SCV  
  133  7:54  Medivac x2  
  129  8:02  Marauder x2, Barracks Tech Lab, Marine x2, Barracks Reactor  
  129  8:03  Marine x2  
  122  8:14  Terran Infantry Weapons Level 2  
  122  8:18  Supply Depot  
  118  8:23  Ghost Academy  
  118  8:24  Supply Depot x2  
  118  8:26  Starport  
  118  8:29  Terran Ship Weapons Level 1  
  118  8:30  Medivac x2  
  122  8:42  Command Center  
  122  8:50  Missile Turret  
  122  8:52  Marauder x2, Marine  
  122  8:53  Marine x4, Sensor Tower  
  122  8:54  Marauder x2, Marine  
  136  8:56  Missile Turret  
  136  9:00  Medivac x2  
  136  9:01  Planetary Fortress  
  140  9:04  Starport Reactor  
  140  9:06  Terran Infantry Armor Level 2  
  140  9:09  Starport Tech Lab  
  138  9:10  Marine  
  135  9:17  Marauder x4, Marine x4  
  141  9:25  SCV x2  
  141  9:27  Marine  
  141  9:30  Personal Cloaking  
  140  9:38  Marauder x2  
  140  9:43  Marine x2  
  140  9:44  Marine x2, Marauder x2  
  148  9:49  Command Center, Missile Turret  
  148  9:57  Orbital Command  
  146  10:00  Command Center  
  146  10:06  Liberator x2  
  146  10:07  Liberator  
  146  10:13  Marine x4, Marauder x4  
  153  10:18  Fusion Core  
  153  10:21  Starport  
  151  10:27  Factory Reactor  
  151  10:29  Refinery  
  151  10:31  Refinery  
  151  10:34  Terran Infantry Weapons Level 3  
  145  10:43  Ghost x2  
  145  10:45  Marine, Liberator  
  145  10:46  Marine x3  
  153  10:52  Liberator  
  153  10:59  Ghost x2  
  160  11:05  Command Center  
  163  11:15  Command Center  
  163  11:19  Orbital Command  
  163  11:20  Orbital Command  
  163  11:28  Ghost x3  
  169  11:37  Terran Infantry Armor Level 3  
  169  11:48  Command Center x2  
  169  11:53  Barracks  
  169  11:54  Barracks  
  169  11:58  Ghost x3  
  175  12:15  Command Center  
  175  12:18  Command Center  
  175  12:32  Orbital Command  
  175  12:35  Orbital Command  
  175  12:45  Advanced Ballistics  
  175  12:57  Ghost x3  
  181  12:59  Barracks Tech Lab x2  
  181  13:32  Orbital Command  
  181  13:33  Orbital Command  
  181  13:35  Orbital Command x2  
  181  13:48  Command Center  
  181  13:52  Command Center  
  181  13:56  Command Center  
  181  13:58  Command Center  
  181  14:13  Armory  
  181  14:18  Starport x2  
  181  14:22  Starport  
Show
View Real Time Build Order
Export as new Build Order

A.I. 1 (Elite) Protoss 

Build Orders: Zealot Archon 

Get SALT Encoding   

  12  0:00  Probe  
  13  0:13  Probe  
  14  0:20  Pylon  
  14  0:25  Probe  
  15  0:34  Probe  
  15  0:42  Probe  
  16  0:47  Assimilator  
  17  0:52  Probe, Gateway  
  18  1:00  Probe, Pylon  
  19  1:08  Probe  
  20  1:18  Probe  
  21  1:30  Probe  
  22  1:41  Cybernetics Core  
  22  1:42  Probe, Zealot  
  25  2:00  Nexus  
  25  2:13  Gateway  
  25  2:17  Warp Gate  
  25  2:18  Pylon  
  25  2:19  Zealot  
  27  2:25  Probe  
  28  2:36  Assimilator  
  29  2:37  Probe  
  29  2:44  Adept  
  29  2:49  Probe  
  32  2:59  Pylon  
  32  3:00  Adept  
  32  3:01  Probe  
  35  3:05  Adept  
  35  3:12  Probe  
  36  3:13  Probe  
  39  3:25  Probe  
  40  3:29  Probe  
  40  3:30  Sentry  
  43  3:35  Stalker  
  43  3:37  Probe  
  43  3:41  Probe, Robotics Facility  
  47  3:50  Probe  
  47  3:53  Probe  
  49  3:56  Adept  
  49  4:02  Probe  
  52  4:05  Probe  
  52  4:09  Pylon  
  53  4:10  Probe  
  53  4:13  Adept  
  56  4:17  Probe  
  56  4:18  Probe  
  58  4:27  Stalker  
  58  4:30  Probe x2  
  58  4:31  Immortal  
  65  4:33  Pylon  
  65  4:36  Stalker  
  68  4:42  Probe x2  
  70  4:48  Robotics Facility  
  64  4:54  Forge  
  64  5:05  Probe  
  64  5:07  Probe  
  66  5:10  Observer  
  66  5:13  Probe  
  67  5:15  Probe  
  67  5:18  Stalker  
  71  5:21  Probe  
  71  5:23  Probe  
  71  5:25  Twilight Council  
  73  5:33  Pylon  
  73  5:34  Photon Cannon, Probe  
  74  5:37  Photon Cannon  
  74  5:39  Probe  
  75  5:46  Probe  
  75  5:47  Assimilator  
  76  5:51  Gateway  
  76  5:55  Pylon  
  76  6:02  Assimilator  
  76  6:08  Templar Archives  
  76  6:09  Probe  
  77  6:15  Zealot x2  
  77  6:18  Pylon  
  81  6:25  Probe  
  82  6:26  Nexus, Forge  
  82  6:27  Probe  
  83  6:34  Stalker  
  83  6:37  Probe  
  86  6:40  Stalker  
  86  6:45  High Templar  
  90  6:48  Probe  
  90  6:52  Probe  
  90  6:53  High Templar  
  84  6:56  Pylon  
  84  7:00  Probe  
  75  7:03  High Templar  
  75  7:12  Probe  
  75  7:15  Probe  
  77  7:20  Probe  
  77  7:22  High Templar  
  79  7:26  Stalker  
  79  7:27  Probe  
  79  7:28  Probe  
  83  7:36  Stalker  
  86  7:39  Probe  
  86  7:41  Archon  
  86  7:42  Stalker  
  89  7:51  Probe x2  
  87  7:55  Zealot  
  75  7:59  High Templar  
  75  8:02  Pylon  
  75  8:04  Zealot  
  60  8:15  High Templar  
  60  8:16  Probe  
  60  8:17  Probe  
  64  8:20  Archon  
  64  8:24  Stalker  
  64  8:26  Probe  
  66  8:28  Probe  
  66  8:32  High Templar  
  70  8:40  Probe  
  70  8:41  Adept  
  73  8:48  High Templar  
  75  8:56  Gateway  
  75  8:58  Stalker  
  77  9:04  Zealot  
  76  9:20  Zealot, Sentry  
  74  9:24  Stalker  
  74  9:27  Nexus  
  74  9:28  Probe  
  77  9:38  Zealot  
  74  9:43  Zealot  
  76  9:58  Archon  
  76  10:01  High Templar  
  76  10:06  Stalker, High Templar  
  82  10:12  Pylon  
  64  10:34  Archon  
  64  10:35  High Templar  
  64  10:38  Nexus  
  51  10:46  Assimilator  
  39  10:55  High Templar  
  37  11:27  High Templar  
  39  11:39  Archon  
  39  11:41  Nexus  
  39  11:54  Zealot  
  39  11:55  High Templar  
  43  12:22  High Templar  
  45  12:26  Adept  
  47  12:36  Stalker  
  49  12:37  Archon  
  49  12:45  Stalker  
  51  12:54  Stalker  
  45  13:00  Zealot  
  45  13:05  Adept  
  43  13:17  Zealot  
  45  13:20  Sentry  
  45  13:21  Stalker  
  47  13:30  Probe  
  48  13:36  Assimilator  
  48  13:37  Stalker  
  50  13:42  Observer  
  50  13:43  Stalker  
  50  13:44  Adept  
  55  13:58  Probe  
  55  13:59  Stalker  
  55  14:00  Zealot  
  60  14:05  Stalker  
  30  14:42  High Templar  
Tags
 
Add a new tag
Caveats
  • Supply blocks, unpowered buildings, or Contaminate may cause inaccurate times.
  • Supply counts are checked every 10 seconds.